 Dungeon Crawl Stone Soup version 0.31.0-12-g77e489cdc1 (webtiles) character file.

Game seed: 14451410672249554794

487 Doomgape the Trooper (level 6, -1/52 HPs)
             Began as a Mummy Fighter on Feb 11, 2024.
             Was a Follower of Okawaru.
             Incinerated by a bombardier beetle (7 damage)
             ... with a burning spray
             ... on level 4 of the Dungeon.
             The game lasted 00:08:07 (3211 turns).

Doomgape the Trooper (Mummy Fighter)                Turns: 3211, Time: 00:08:08

Health: -1/52      AC: 15    Str: 21    XL:     6   Next: 89%
Magic:  6/6        EV: 12    Int:  7    God:    Okawaru [*.....]
Gold:   135        SH:  4    Dex: 12    Spells: 5/5 levels left

rFire   x . .        n - +1 flail (protect)
rCold   + . .        c - +0 buckler
rNeg    + + +        g - +0 chain mail
rPois   ∞            (no helmet)
rElec   .            m - scarf {repulsion}
rCorr   .            (no gloves)
SInv    +            (no boots)
Will    .....        (no amulet) Stlth
                     h - +5 ring of evasion
HPRegen 0.28/turn    o - ring of see invisible
MPRegen 0.10/turn

%: repel missiles, faith
@: on fire, under a protective aura, glowing
A: cold resistance 1, negative energy resistance 3, torment resistance 2, heat
vulnerability 1, in touch with death 1, no potions, faith
a: Renounce Religion, Heroism


You were on level 4 of the Dungeon.
You worshipped Okawaru.
Okawaru was aware of your devotion.
You visited 1 branch of the dungeon, and saw 4 of its levels.

You collected 135 gold pieces.

Inventory:

Hand Weapons
 n - a +1 flail of protection (weapon)
Missiles
 s - 4 javelins (quivered)
Armour
 c - a +0 buckler (worn)
 g - a +0 chain mail (worn)
 m - a scarf of repulsion (worn)
Magical Staves
 i - a staff of death
Jewellery
 h - a +5 ring of evasion (left hand)
 o - a ring of see invisible (right hand)
Wands
 t - a wand of roots (3)
Scrolls
 a - a scroll of summoning {unknown}
 b - a scroll of poison
 d - 3 scrolls of enchant weapon {unknown}
 e - 2 scrolls of fear {unknown}
 f - a scroll of teleportation {unknown}
 j - a scroll of amnesia {unknown}
 k - a scroll of revelation {unknown}
 l - 2 scrolls of identify {unknown}
 p - a scroll of noise {unknown}
 q - a scroll of enchant armour {unknown}
 r - a scroll of blinking {unknown}


   Skills:
 + Level 5.9 Fighting
 + Level 4.4 Maces & Flails
 - Level 2.4 Armour
 - Level 2.4 Shields


You had 5 spell levels left.
You didn't know any spells.
Your spell library contained the following spells:

 Spells                   Type           Power      Damage    Failure   Level
 Ensorcelled Hibernation  Hex/Ice        0%         N/A       100%        2
 Fugue of the Fallen      Necr           0%         N/A       100%        3
 Anguish                  Hex/Necr       0%         N/A       100%        4
 Manifold Assault         Tloc           0%         N/A       100%        4
 Dispersal                Tloc           0%         N/A       100%        6
 Disjunction              Tloc           0%         N/A       100%        8


Dungeon Overview and Level Annotations

Branches:
Dungeon (4/15)
 Temple: D:4-7

Altars:
Ashenzari
Hepliaklqana
Makhleb
Okawaru
Yredelemnul

Shops:
D:1 =[**

Annotations:
D:4 1 runed translucent door, karambola's ghost, amateur OpAl


Innate Abilities, Weirdness & Mutations

You are immune to poison.
Your flesh is cold resistant. (rC+)
You are immune to negative energy. (rN+++)
You are immune to unholy pain and torment.
You are vulnerable to heat. (rF-)
You are in touch with the powers of death.
You do not drink.
You have a special connection with the divine. (Faith)


Message History

The liquid fire burns you!
Things that are here:
a +0 club; an amulet of faith You shake off some of the fire as you move.
The liquid fire burns you!
You shake off the liquid fire.
The bombardier beetle sprays incendiary fluid at you.
The burning spray hits you.
You are covered in liquid fire!
You hit the bombardier beetle.
Your weapon exudes an aura of protection.
The bombardier beetle is moderately wounded.
The liquid fire burns you!
The bombardier beetle barely misses you.
You barely miss the bombardier beetle.
The bombardier beetle is moderately wounded.
The liquid fire burns you!
The bombardier beetle sprays incendiary fluid at you.
The burning spray misses you.
You barely miss the bombardier beetle.
The bombardier beetle is moderately wounded.
The liquid fire burns you!
You sock the bombardier beetle!
The bombardier beetle is almost dead.
The liquid fire burns you!
The bombardier beetle bites you but does no damage.
You barely miss the bombardier beetle.
The bombardier beetle is almost dead.
The liquid fire burns you!
* * * LOW HITPOINT WARNING * * *
The bombardier beetle bites you but does no damage.
You sock the bombardier beetle!
You kill the bombardier beetle!
Okawaru accepts your kill.
You can now gain great but temporary skills.
The liquid fire burns you!
* * * LOW HITPOINT WARNING * * *
You shake off some of the fire as you move.
The liquid fire burns you!
You die...

# ## #. ###.#
..... ..#.# ##.#.
#.#.####
.....##......
..........# #
#.#)# #.##.#.#
#.....@##
#.......####
#...##.#.....#####
... #.#.....#FW~~
. ..#.....+W~~~ ..
.###.....#S~~~
#...####.....#####
#.....†...###
#.####.####


You could see karambola's ghost and a ball python.

Vanquished Creatures
  Sigmund (D:2)
  A scorpion (D:4)
  A bombardier beetle (D:4)
  2 hounds
  Terence (D:3)
  11 adders
  A ribbon worm (D:3)
  2 dart slugs
  An orc (D:4)
  6 bats
  2 giant cockroaches (D:1)
  A hobgoblin (D:2)
  2 kobolds
  8 quokkas
  5 ball pythons
  2 frilled lizards
  10 goblins
  8 rats
65 creatures vanquished.

Notes
Turn   | Place    | Note
-------+----------+-------------------------------------------
     0 | D:1      | Doomgape the Mummy Fighter began the quest for the Orb.
     0 | D:1      | Reached XP level 1. HP: 18/18 MP: 1/1
   127 | D:1      | Found Vena's General Store.
   243 | D:1      | Found Wefutere's Assorted Antiques.
   280 | D:1      | Reached XP level 2. HP: 24/24 MP: 2/2
   406 | D:1      | Found Umiliap's Armour Boutique.
   530 | D:1      | Found Geineiwu's Jewellery Boutique.
   768 | D:2      | Reached XP level 3. HP: 29/30 MP: 3/3
  1227 | D:2      | Reached skill level 4 in Fighting
  1236 | D:2      | Found a faded altar of an unknown god.
  1506 | D:2      | Reached XP level 4. HP: 22/37 MP: 4/4
  1761 | D:2      | Noticed Sigmund
  1782 | D:2      | Killed Sigmund
  1783 | D:2      | Reached skill level 5 in Fighting
  1783 | D:2      | Reached XP level 5. HP: 26/44 MP: 5/5
  2005 | D:3      | Found a hazy altar of Hepliaklqana.
  2023 | D:3      | Noticed Terence
  2044 | D:3      | Killed Terence
  2370 | D:3      | Found a burning altar of Makhleb.
  2370 | D:3      | Found a broken altar of Ashenzari.
  2370 | D:3      | Found an iron altar of Okawaru.
  2422 | D:3      | Became a worshipper of Warmaster Okawaru
  2464 | D:3      | Reached XP level 6. HP: 51/51 MP: 6/6
  2638 | D:3      | Found a basalt altar of Yredelemnul.
  3178 | D:4      | Found a runed translucent door.
  3188 | D:4      | Noticed karambola's ghost (amateur OpAl)
  3210 | D:4      | Reached * piety under Okawaru
  3211 | D:4      | Incinerated by a bombardier beetle

Illustrated notes

Levels and vault maps discovered:
D:1:      dpeg_arrival_oval, layout_loops_ring, serial_shops,
          nicolae_shop_advertising_works [nicolae_subvault_shop_adworks], shop,
          shop, shop_fountains
D:2:      layout_basic, shapermc_ecumenical_altar_totnotflames, uniq_sigmund
D:3:      layout_basic, yredelemnul_altar_generic,
          gammafunk_temple_overflow_claw, general_overflow_altar,
          mainiacjoe_sewer_entry_somewhere_in_here_2, minmay_misc_feat_tiny,
          uniq_terence
D:4:      layout_loops_cross, ebering_ghost_sewer_f

Skill      XL: |  1  2  3  4  5  6 |
---------------+-------------------+-----
Maces & Flails | 2 3 4 |  4.4
Fighting       | 4 5 |  5.9
Armour         | |  2.4
Shields        | |  2.4

Action                     |  1- 3 |  4- 6 || total
---------------------------+-------+-------++-------
  Melee: Flail             |   100 |   188 ||   288
    Use: Scroll            |       |     2 ||     2
 Armour: Scale mail        |    20 |       ||    20
         Chain mail        |    60 |   100 ||   160
  Dodge: Dodged            |    41 |    99 ||   140
         Repelled          |       |     2 ||     2
  Block: Buckler           |    20 |    40 ||    60
